 Dungeon Crawl Stone Soup version 0.31.0-32-g396128a36d (webtiles) character file.

Game seed: 15433515614382637899

2767 wingedge the Conjurer (level 9, -11/111 HPs)
             Began as a Demigod Earth Elementalist on Mar 22, 2024.
             Mangled by a small abomination (15 damage)
             ... on level 5 of the Dungeon.
             The game lasted 00:25:24 (7067 turns).

wingedge the Conjurer (Demigod Earth Elementalist)  Turns: 7067, Time: 00:25:24

Health: -11/111    AC:  6    Str:  9    XL:     9   Next: 19%
Magic:  5/18       EV: 13    Int: 32    God:
Gold:   383        SH:  0    Dex: 17    Spells: 3/16 levels left

rFire   . . .        z - +2 glaive (flame)
rCold   + . .        (shield currently unavailable)
rNeg    + . .        K - +0 robe of Eternal Night {Archmagi}
rPois   .            q - +0 helmet "Xeorgh" {rElec Int+3 Dex+3}
rElec   +            x - +0 cloak
rCorr   .            j - +0 pair of gloves
SInv    .            n - +0 pair of boots
Will    .....        (no amulet) Stlth
                     H - ring of positive energy
HPRegen 0.38/turn    i - ring of protection from cold
MPRegen 0.16/turn

%: archmagi
@: berserking, very quick
A: high MP 1, forlorn, divine attributes
a: no special abilities


You were on level 5 of the Dungeon.
You visited 1 branch of the dungeon, and saw 6 of its levels.
You also visited: Sewer and Ossuary.

You collected 383 gold pieces.

Inventory:

Hand Weapons
 a - a +0 mace
 z - a +2 glaive of flaming (weapon)
Missiles
 u - 2 throwing nets
Armour
 j - a +0 pair of gloves (worn)
 l - a +0 kite shield
 n - a +0 pair of boots (worn)
 q - the +0 helmet "Xeorgh" (worn) {rElec Int+3 Dex+3}
   (You found it on level 3 of the Dungeon)

   Int+3:     It affects your intelligence (+3).
   Dex+3:     It affects your dexterity (+3).
   rElec:     It insulates you from electricity.
 x - a +0 cloak (worn)
 K - the +0 robe of Eternal Night (worn) {Archmagi}
   (You found it on level 6 of the Dungeon)

   Archmagi:  It increases the power of your magical spells.
Jewellery
 f - a ring of flight
 i - a ring of protection from cold (right hand)
 B - a ring of resist corrosion
 H - a ring of positive energy (left hand)
Wands
 t - a wand of iceblast (8)
 F - a wand of paralysis (9)
Scrolls
 h - 2 scrolls of butterflies
 p - a scroll of poison {unknown}
 s - 4 scrolls of teleportation
 w - a scroll of noise {unknown}
 y - a scroll of amnesia {unknown}
 C - a scroll of silence {unknown}
 E - a scroll of blinking {unknown}
 G - a scroll of fear {unknown}
 J - a scroll of vulnerability {unknown}
Potions
 b - a potion of magic
 d - 3 potions of curing
 k - 4 potions of might
 o - a potion of haste
 r - 2 potions of mutation
 v - a potion of degeneration {unknown}
 D - a potion of enlightenment {unknown}
 I - a potion of heal wounds {unknown}


   Skills:
 - Level 5.0 Fighting
 - Level 5.0 Polearms
 + Level 2.7 Armour
 - Level 3.0 Dodging
 - Level 2.0 Stealth
 - Level 4.0 Spellcasting
 - Level 5.0 Conjurations
 + Level 2.0 Translocations
 - Level 5.0 Earth Magic
 + Level 2.3 Alchemy


You had 3 spell levels left.
You knew the following spells:

 Your Spells              Type           Power      Damage    Failure   Level
a - Sandblast             Erth           100%       2d20      1%          1
b - Stone Arrow           Conj/Erth      100%       3d13      2%          3
c - Apportation           Tloc           58%        N/A       2%          1
d - Fulminant Prism       Conj/Alch      22%        3d12      13%         4
e - Iskenderun's Mystic   Conj/Tloc      43%        2d10      13%         4

Your spell library contained the following spells:

 Spells                   Type           Power      Damage    Failure   Level
 Sting                    Conj/Alch      100%       1d9       1%          1
 Passwall                 Erth           55%        N/A       2%          3
 Necrotise                Necr           36%        1d5       5%          1
 Summon Small Mammal      Summ           36%        N/A       5%          1
 Volatile Blastmotes      Fire/Tloc      38%        2d13      11%         3
 Brom's Barrelling Bould  Conj/Erth      55%        2d7       7%          4
 Petrify                  Alch/Erth      44%        N/A       13%         4


Dungeon Overview and Level Annotations

Branches:
Dungeon (6/15)              Sewer (visited)         Ossuary (visited)
 Temple: D:4-7

Portals:
Abyss: D:5

Annotations:
D:5 1 transporter


Innate Abilities, Weirdness & Mutations

You have an increased reservoir of magic. (+10% MP)
You shall have no god before yourself.
Your divine heritage dramatically boosts your attributes as you level up.


Message History

Confirm with . or Enter, or press ? or * to list all spells.
Aiming: Stone Arrow (mildly dangerous; 2% risk of failure)
Press: ? - help, Shift-Dir - straight line, f/p - small abomination
Aim: a small abomination (78% to hit)
Okay, then.
Reach: z) +2 glaive (flame)
Press: ? - help, Dir - move target, f/p - small abomination
Aim: a small abomination (about 40% to evade your +2 glaive of flaming)
You slash the small abomination! You burn the small abomination.
The small abomination is moderately damaged.
The small abomination closely misses you.
The small abomination hits you!!
Casting: Stone Arrow (mildly dangerous; 2% risk of failure)
Confirm with . or Enter, or press ? or * to list all spells.
Aiming: Stone Arrow (mildly dangerous; 2% risk of failure)
Press: ? - help, Shift-Dir - straight line, f/p - small abomination
Aim: a small abomination (moderately damaged, 78% to hit)
You feel a surge of power!
The stone arrow misses the small abomination.
The small abomination hits you!
* * * LOW HITPOINT WARNING * * *
A red film seems to cover your vision as you go berserk!
You feel yourself moving faster!
You feel mighty! The small abomination hits you.
* * * LOW HITPOINT WARNING * * *
You barely miss the small abomination.
The small abomination is moderately damaged.
The small abomination hits you!
* * * LOW HITPOINT WARNING * * *
You are too berserk!
You slice the small abomination!! You burn the small abomination!
You destroy the small abomination!
The small abomination hits you but does no damage.
Your Translocations skill increases to level 2!
You hit the small abomination. You burn the small abomination.
The small abomination is moderately damaged.
The small abomination hits you!
* * * LOW HITPOINT WARNING * * *
The small abomination hits you!
You die...

#...#©##..##..####...####.......#
#...#x.#..#..#.$.##......[#.....#
#..##.##..##..###.#...###.#.#...#
#..#.x##...###.# ##..## #.#.#...#
#..###.##....#..##...# #.#.#####
#..## . ###.##..##...####.#..<#
#...###...###.#:.##.......###.#
#.....#.##K..##..©#©..#######.#
#....##.......##@##..####.....#
....## #x∩$..^#x##........#####
...## #.####.#..#.....#####
#..#.#..#.©##...##...##
#..##.###...###$?#...#
#...###.......####[..#
#....................#
#....................#
######(##.......#.#####


You could see a small abomination.

Vanquished Creatures
  The ghost of TerraPolaris the Chopper, a novice MiFi (D:5)
  The ghost of gentooman the Gusty, an amateur DrAE (D:4)
  Sigmund (D:5)
  Eustachio (D:5)
  A small abomination (D:5)
  Pargi (Sewer)
  3 ogres
  A phantom (D:5)
  A weeping skull (Ossuary)
  A brain worm (Sewer)
  An elf zombie (Ossuary)
  Blork the orc (D:5)
  A scorpion (D:5)
  A killer bee (D:4)
  2 burial acolytes (Ossuary)
  A howler monkey (D:6)
  2 gnoll boudas (D:5)
  4 hounds
  2 human zombies (Ossuary)
  2 bombardier beetles
  An orc priest (D:6)
  4 orc wizards
  2 sleepcaps
  5 hound zombies (Ossuary)
  2 mummies (Ossuary)
  13 gnolls
  2 river rats (D:5)
  9 adders
  2 ribbon worms (D:5)
  A dart slug (D:1)
  9 orcs
  7 bats
  7 endoplasms
  4 gnoll zombies (Ossuary)
  14 goblins
  4 hobgoblins
  3 jackals (D:4)
  3 kobolds
  A quokka (D:3)
  3 ball pythons
  4 orc zombies (Ossuary)
  6 rats
135 creatures vanquished.

Notes
Turn   | Place    | Note
-------+----------+-------------------------------------------
     0 | D:1      | wingedge the Demigod Earth Elementalist began the quest for
                  | the Orb.
     0 | D:1      | Reached XP level 1. HP: 14/14 MP: 5/5
   239 | D:1      | Reached XP level 2. HP: 14/20 MP: 0/7
  1201 | D:2      | Reached XP level 3. HP: 21/26 MP: 1/8
  1268 | D:2      | Learned a level 3 spell: Stone Arrow
  1391 | D:2      | Reached skill level 1 in Conjurations
  1628 | D:3      | Reached XP level 4. HP: 30/33 MP: 2/10
  1716 | D:3      | Identified the +0 helmet "Xeorgh" {rElec Int+3 Dex+3}
  2037 | D:3      | Noticed an ogre
  2153 | D:3      | Killed an ogre
  2154 | D:3      | Reached XP level 5. HP: 38/38 MP: 0/12
  2338 | D:4      | Found a transporter.
  2921 | D:4      | Found a transporter.
  2931 | D:4      | Noticed gentooman's ghost (amateur DrAE)
  3292 | D:5      | Entered Level 5 of the Dungeon
  3296 | D:5      | Reached skill level 1 in Fighting
  3296 | D:5      | Reached XP level 6. HP: 47/47 MP: 3/13
  3375 | D:5      | Noticed a small abomination
  3378 | D:5      | Noticed a small abomination
  3395 | D:5      | Found a transporter.
  3435 | D:5      | Found a glowing drain.
  3441 | D:5      | Noticed Blork the orc
  3447 | D:5      | Killed Blork the orc
  3506 | Sewer    | Entered a sewer
  3574 | Sewer    | Noticed Pargi
  3582 | Sewer    | Killed Pargi
  3583 | Sewer    | Reached XP level 7. HP: 52/57 MP: 1/16
  3774 | D:5      | Noticed Eustachio
  3779 | D:5      | Killed Eustachio
  3783 | D:5      | Found a transporter.
  3785 | D:5      | Found a one-way gate to the infinite horrors of the Abyss.
  3785 | D:5      | Noticed TerraPolaris's ghost (novice MiFi)
  3839 | D:5      | Reached skill level 1 in Polearms
  3906 | D:5      | Found a sand-covered staircase.
  3915 | Ossuary  | Entered an ossuary
  4718 | Ossuary  | Reached XP level 8. HP: 62/66 MP: 7/17
  5159 | D:5      | Learned a level 1 spell: Apportation
  5286 | D:5      | Reached skill level 5 in Conjurations
  5286 | D:5      | Reached skill level 5 in Earth Magic
  5288 | D:5      | Reached skill level 1 in Translocations
  5552 | D:5      | Noticed Sigmund
  5557 | D:5      | Killed Sigmund
  5747 | D:6      | Reached skill level 5 in Fighting
  6153 | D:6      | Reached skill level 5 in Polearms
  6326 | D:6      | Identified the +0 robe of Eternal Night {Archmagi}
  6861 | D:4      | Killed gentooman's ghost
  6862 | D:4      | Reached skill level 1 in Armour
  6862 | D:4      | Reached skill level 1 in Alchemy
  6867 | D:4      | Reached XP level 9. HP: 44/74 MP: 1/18
  7014 | D:4      | Learned a level 4 spell: Fulminant Prism
  7019 | D:4      | Learned a level 4 spell: Iskenderun's Mystic Blast
  7059 | D:5      | Killed TerraPolaris's ghost
  7067 | D:5      | HP: 4/111 [small abomination (9)]
  7067 | D:5      | Mangled by a small abomination

Illustrated notes

Levels and vault maps discovered:
D:1:      kilobyte_arrival_exit_the_forest, layout_loops_ring,
          minmay_pentomino_u2
D:2:      layout_basic, basic_altar
D:3:      minmay_angry_zag, layout_loops_cross, minmay_ogre_servants
D:4:      layout_loops_ring, mainiacjoe_overflow_alcove_4,
          chequers_temple_overflow_statue_of_worship,
          makhleb_blood_cavern_becter, gammafunk_ghost_arena
D:5:      layout_basic, gammafunk_ghost_abyssal_escape,
          cheibrodos_sewer_entry_sluice, nicolae_ossuary_entry_ruins,
          nrook_mini_vaults, uniq_eustachio, uniq_sigmund, uniq_blork_the_orc
D:6:      layout_gridville, trog_three_pillars_becter

Skill      XL: |  1  2  3  4  5  6  7  8  9 |
---------------+----------------------------+-----
Earth Magic    | 3 4 5 |  5.0
Conjurations   | 1 2 4 5 |  5.0
Spellcasting   | 2 3 4 |  4.0
Fighting       | 1 3 4 5 |  5.0
Dodging        | 2 3 |  3.0
Stealth        | 2 |  2.0
Polearms       | 3 5 |  5.0
Translocations | 1 2 |  2.0
Armour         | 1 2 |  2.7
Alchemy        | 1 2 |  2.3

Action                     |  1- 3 |  4- 6 |  7- 9 || total
---------------------------+-------+-------+-------++-------
  Melee: Glaive            |       |    11 |    44 ||    55
   Cast: Sandblast         |    42 |    48 |     7 ||    97
         Stone Arrow       |       |    21 |    92 ||   113
    Use: Scroll            |       |       |     7 ||     7
         Potion            |       |       |     1 ||     1
   Stab: Sleeping          |       |     2 |       ||     2
 Armour: Robe              |    10 |    16 |    67 ||    93
  Dodge: Dodged            |     6 |    19 |    40 ||    65
